 Dungeon Sprint DCSS version 0.22-a0-388-g09e6169 (webtiles) character file.

1732 Kidiri the Thaumaturge (level 8, -5/48 HPs)
             Began as a Deep Elf Fire Elementalist on Apr 29, 2018.
             Was a Priest of Vehumet.
             Slain by a seven-headed hydra (9 damage)
             ... in the Dungeon (Sprint IX: "|||||||||||||||||||||||||||||").
             The game lasted 00:04:02 (932 turns).

Kidiri the Thaumaturge (Deep Elf Fire Elementalist)  Turns: 932, Time: 00:04:03

Health: -5/48      AC:  4    Str:  5    XL:     8   Next: 76%
Magic:  16/28      EV: 17    Int: 29    God:    Vehumet [***...]
Gold:   0          SH:  0    Dex: 15    Spells: 18/36 levels left

rFire    . . .     SeeInvis .   n - +2 rapier (drain)
rCold    . . .     Gourm    .   (no shield)
rNeg     . . .     Faith    .   a - +0 robe
rPois    .         Spirit   .   (no helmet)
rElec    .         Reflect  .   (no cloak)
rCorr    .         Harm     .   p - +0 pair of gloves
MR       .....     NoTele   +   o - +0 pair of boots
Stlth    ++........             (no amulet)
HPRegen  0.16/turn              q - +3 ring of intelligence
MPRegen  0.21/turn              r - +3 ring of intelligence

@: no status effects
A: no striking features
a: Renounce Religion


You were in the Dungeon.
You worshipped Vehumet.
Vehumet was most pleased with you.
You were not hungry.

You visited 1 branch

Inventory:

Hand Weapons
 n - a +2 rapier of draining (weapon)
Armour
 a - a +0 robe (worn)
 o - a +0 pair of boots (worn)
 p - a +0 pair of gloves (worn)
Jewellery
 q - a +3 ring of intelligence (left hand)
 r - a +3 ring of intelligence (right hand)
Wands
 m - a wand of acid (10)
Scrolls
 i - 3 scrolls of blinking
 k - 3 scrolls of remove curse
 l - 2 scrolls of amnesia
 t - 2 scrolls of enchant weapon
 u - 2 scrolls of fear
 v - a scroll of identify
Potions
 b - 2 potions of might
 d - a potion of invisibility
 e - 2 potions of heal wounds
 f - 2 potions of haste
 g - 3 potions of magic
 h - a potion of berserk rage
 j - 6 potions of curing
 s - a potion of agility
Comestibles
 c - a ration


   Skills:
 + Level 4.4 Fighting
 + Level 5.3 Short Blades
 + Level 4.5 Armour
 + Level 7.1 Dodging
 - Level 2.4 Stealth
 * Level 14.7 Spellcasting
 + Level 8.9 Conjurations
 + Level 9.5 Fire Magic


You had 18 spell levels left.
You knew the following spells:

 Your Spells              Type           Power        Failure   Level  Hunger
a - Flame Tongue          Conj/Fire      #####        1%          1    None
b - Throw Flame           Conj/Fire      ######       1%          2    None
c - Conjure Flame         Conj/Fire      ######..     1%          3    None
d - Inner Flame           Hex/Fire       #####...     1%          3    None
e - Sticky Flame          Conj/Fire      ######..     1%          4    None
f - Fireball              Conj/Fire      ######....   1%          5    None


Dungeon Overview and Level Annotations

Branches:
Dungeon (1/1)

Altars:
Cheibriados
Dithmenos
Elyvilon
Fedhas
Gozag
Hepliaklqana
Kikubaaqudgha
Makhleb
Nemelex Xobeh
Okawaru
Qazlal
Ru
Sif Muna
Trog
Uskayaw
Vehumet
Wu Jian
Xom
Yredelemnul
Zin
The Shining One
Beogh
Jiyva
Lugonu


Message History

Press: ? - help, Dir - move target cursor The fire ignites!
The spiny frog is engulfed in blazing flames.
Casting: Conjure Flame (safe; 1% risk of failure)
Confirm with . or Enter, or press ? or * to list all spells.
Aiming: Sticky Flame (safe; 1% risk of failure)
Press: ? - help, Shift-Dir - straight line, f - seven-headed hydra
Aim: a seven-headed hydra (flame, lightly wounded)
The sticky flame hits the seven-headed hydra.
The seven-headed hydra is moderately wounded.
The seven-headed hydra is covered in liquid flames!
The seven-headed hydra burns!
The seven-headed hydra is engulfed in blazing flames.
The seven-headed hydra barely misses you.
The seven-headed hydra bites you! The seven-headed hydra bites you.
* * * LOW HITPOINT WARNING * * *
The seven-headed hydra misses you. The seven-headed hydra bites you.
* * * LOW HITPOINT WARNING * * *
The seven-headed hydra bites you!
You die...

▓▓▓▓▓▓▓▓▓▓▓▓▓▓▓▓▓▓▓▓▓▓▓▓▓▓▓▓▓▓▓▓▓
.(')....'.(...'__________________
▓▓▓▓▓▓▓▓▓▓▓▓▓▓▓▓▓▓▓▓▓▓▓▓▓▓▓▓▓▓▓▓▓
.................................
▓▓▓▓▓▓▓▓▓▓▓▓▓▓▓▓▓▓▓▓▓▓▓▓▓▓▓▓▓▓▓▓▓
.....'.....)[)..@Dt'F§Ht..
▓▓▓▓▓▓▓▓▓▓▓▓▓▓▓▓▓▓▓▓▓▓▓▓▓▓


You could see a seven-headed hydra (burning), a hippogriff, a spiny frog and 2
crocodiles.

Vanquished Creatures
  A two-headed ogre (D)
  A troll (D)
  2 ice beasts (D)
  An orc warrior (D)
  A necrophage (D)
  2 centaurs (D)
  An ogre (D)
  A big kobold (D)
  2 bullfrogs (D)
  A hound (D)
  A jelly (D)
  3 adders (D)
  A dart slug (D)
  A worm (D)
  A jackal (D)
  A ball python (D)
  2 rats (D)
23 creatures vanquished.

Notes
Turn   | Place    | Note
-------+----------+-------------------------------------------
     0 | D        | Kidiri the Deep Elf Fire Elementalist began the quest for the Orb.
     0 | D        | Reached XP level 1. HP: 10/10 MP: 6/6
     8 | D        | Reached skill level 4 in Spellcasting
    82 | D        | Noticed a jelly
    82 | D        | Noticed an ice beast
    82 | D        | Noticed a centaur
    85 | D        | Reached skill level 5 in Spellcasting
    85 | D        | Reached XP level 2. HP: 15/15 MP: 6/10
    88 | D        | Reached skill level 7 in Spellcasting
    88 | D        | Reached skill level 5 in Fire Magic
    88 | D        | Reached XP level 3. HP: 6/19 MP: 3/13
   100 | D        | Killed an ice beast
   100 | D        | Reached skill level 9 in Spellcasting
   100 | D        | Reached skill level 5 in Conjurations
   100 | D        | Reached XP level 4. HP: 12/24 MP: 0/17
   100 | D        | Reached XP level 5. HP: 14/28 MP: 0/19
   105 | D        | Learned a level 2 spell: Throw Flame
   109 | D        | Learned a level 3 spell: Conjure Flame
   113 | D        | Learned a level 3 spell: Inner Flame
   118 | D        | Learned a level 4 spell: Sticky Flame
   124 | D        | Learned a level 5 spell: Fireball
   269 | D        | Killed a centaur
   269 | D        | Reached skill level 11 in Spellcasting
   287 | D        | Found a roughly hewn altar of Beogh.
   287 | D        | Found a snail-covered altar of Cheibriados.
   287 | D        | Found a shadowy altar of Dithmenos.
   287 | D        | Found a white marble altar of Elyvilon.
   287 | D        | Found a blossoming altar of Fedhas.
   287 | D        | Found an opulent altar of Gozag.
   288 | D        | Found a hazy altar of Hepliaklqana.
   289 | D        | Found a viscous altar of Jiyva.
   290 | D        | Found an ancient bone altar of Kikubaaqudgha.
   291 | D        | Found a corrupted altar of Lugonu.
   292 | D        | Found a burning altar of Makhleb.
   293 | D        | Found a sparkling altar of Nemelex Xobeh.
   294 | D        | Found an iron altar of Okawaru.
   295 | D        | Found a stormy altar of Qazlal.
   296 | D        | Found a sacrificial altar of Ru.
   297 | D        | Found a deep blue altar of Sif Muna.
   298 | D        | Found a bloodstained altar of Trog.
   299 | D        | Found a hide-covered altar of Uskayaw.
   300 | D        | Found a radiant altar of Vehumet.
   301 | D        | Found an ornate altar of the Wu Jian Council.
   302 | D        | Found a shimmering altar of Xom.
   303 | D        | Found a basalt altar of Yredelemnul.
   304 | D        | Found a glowing silver altar of Zin.
   305 | D        | Found a glowing golden altar of the Shining One.
   308 | D        | Became a worshipper of Vehumet
   360 | D        | Noticed a troll
   360 | D        | Noticed an orc warrior
   360 | D        | Noticed a centaur
   451 | D        | Killed a troll
   451 | D        | Killed an orc warrior
   451 | D        | Reached * piety under Vehumet
   451 | D        | Offered knowledge of Magic Dart by Vehumet.
   451 | D        | Reached skill level 1 in Fighting
   451 | D        | Reached skill level 1 in Armour
   451 | D        | Reached XP level 6. HP: 34/34 MP: 14/22
   451 | D        | Reached skill level 12 in Spellcasting
   451 | D        | Reached XP level 7. HP: 40/40 MP: 15/25
   454 | D        | Reached skill level 5 in Dodging
   661 | D        | Noticed a two-headed ogre
   665 | D        | Offered knowledge of Sandblast by Vehumet.
   665 | D        | Reached ** piety under Vehumet
   665 | D        | Reached skill level 13 in Spellcasting
   675 | D        | Killed a two-headed ogre
   675 | D        | Reached skill level 5 in Short Blades
   675 | D        | Reached skill level 14 in Spellcasting
   675 | D        | Reached XP level 8. HP: 25/48 MP: 16/28
   683 | D        | Reached *** piety under Vehumet
   925 | D        | Noticed a spiny frog
   925 | D        | Noticed a seven-headed hydra
   925 | D        | Noticed a hippogriff
   930 | D        | Offered knowledge of Static Discharge by Vehumet.
   932 | D        | Slain by a seven-headed hydra

Vault maps used:
D:        linesprint

Skill      XL: |  1  2  3  4  5  6  7  8 |
---------------+-------------------------+-----
Spellcasting   | 5 7 9 11 12 14 | 14.7
Conjurations   | 2 3 5 7 8 |  8.9
Fire Magic     | 4 5 6 7 8 9 |  9.5
Fighting       | 1 2 4 |  4.4
Short Blades   | 2 3 5 |  5.3
Armour         | 1 2 4 |  4.5
Dodging        | 3 4 6 7 |  7.1
Stealth        | |  2.4

Action                   |  1- 3 |  4- 6 |  7- 9 || total
-------------------------+-------+-------+-------++-------
Melee: Rapier            |       |       |     1 ||     1
 Cast: Flame Tongue      |    16 |    28 |    20 ||    64
       Conjure Flame     |       |     3 |     3 ||     6
       Inner Flame       |       |     3 |     2 ||     5
       Sticky Flame      |       |     1 |     3 ||     4
       Throw Flame       |       |       |     5 ||     5
  Use: Potion            |     1 |     2 |       ||     3
Armor: Robe              |     1 |       |       ||     1
Dodge: Dodged            |     7 |     4 |     8 ||    19

Table legend:
 A = Spawn XP
 B = Non-spawn XP
 C = Spawn XP percentage of total XP
 D = Spawn monster count
 E = Non-spawn monster count
 F = Spawn count percentage of total count
 G = Total turns spent on level
                    A         B        C        D         E        F      G
               +---------+---------+-------+---------+---------+-------+---------
         Total |       0 |    2475 |   0.0 |       0 |      23 |   0.0 |   932
               +---------+---------+-------+---------+---------+-------+---------
             D |       0 |    2475 |   0.0 |       0 |      23 |   0.0 |   932
               +---------+---------+-------+---------+---------+-------+---------
